 Dungeon Crawl Stone Soup version 0.23.0 (webtiles) character file.

Game seed: 4169150946877634536

24 Kairos the Sneak (level 3, 0/16 HPs)
             Began as a Vine Stalker Enchanter on Feb 10, 2019.
             Slain by a hobgoblin
             ... wielding a +0 club
              (1 damage)
             ... on level 2 of the Dungeon.
             The game lasted 00:01:25 (1230 turns).

Kairos the Sneak (Vine Stalker Enchanter)           Turns: 1230, Time: 00:01:26

Health: 0/16       AC:  2    Str: 11    XL:     3   Next: 2%
Magic:  0/7        EV: 12    Int: 15    God:
Gold:   51         SH:  0    Dex: 14    Spells: 5/6 levels left

rFire    . . .     SeeInvis .   c - +0 short sword
rCold    . . .     Gourm    .   (no shield)
rNeg     . . .     Faith    .   b - +0 robe
rPois    .         Spirit   +   (no helmet)
rElec    .         Reflect  .   (no cloak)
rCorr    .         Harm     .   (no gloves)
MR       .....                  (no boots)
Stlth    +++.......             (no amulet)
HPRegen  0.05/turn              (no ring)
MPRegen  0.10/turn              (no ring)

@: no status effects
A: fangs 2, magic shield, antimagic bite, no potion heal 3, rot immunity
a: no special abilities


You were on level 2 of the Dungeon.
You were hungry.

You visited 1 branch of the dungeon, and saw 2 of its levels.

You collected 51 gold pieces.

Inventory:

Hand Weapons
 a - a +1 dagger
 c - a +0 short sword (weapon)
Armour
 b - a +0 robe (worn)
Scrolls
 g - a scroll of teleportation {unknown}
 h - a scroll of magic mapping {unknown}
 i - a scroll of fear {unknown}
 j - a scroll of enchant armour {unknown}
Potions
 e - a potion of curing {unknown}
 f - a potion of heal wounds {unknown}
Comestibles
 d - 2 rations


   Skills:
 + Level 1.2 Short Blades
 + Level 1.7 Dodging
 + Level 4.0 Stealth
 + Level 2.4 Spellcasting
 + Level 3.3 Hexes


You had 5 spell levels left.
You knew the following spells:

 Your Spells              Type           Power        Failure   Level  Hunger
a - Corona                Hex            ##.....      5%          1    #......

Your spell library contained the following spells:

 Spells                   Type           Power        Failure   Level  Hunger
 Ensorcelled Hibernation  Hex/Ice        #.....       16%         2    ###....
 Confuse                  Hex            ##......     16%         3    ###....
 Tukima's Dance           Hex            ##......     16%         3    ###....
 Dazzling Spray           Conj/Hex       #.....       32%         3    ###....


Dungeon Overview and Level Annotations

Branches:
Dungeon (2/15)

Altars:
Xom


Innate Abilities, Weirdness & Mutations

You have extremely sharp teeth.
When hurt, damage is shared between your health and your magic reserves.
Your bite disrupts and absorbs the magic of your enemies.
Potions cannot restore your health.
You are immune to rotting.


Message History

The giant cockroach bites you but does no damage.
You completely miss the giant cockroach.
The giant cockroach is severely wounded.
The giant cockroach barely misses you. The hobgoblin hits you with a +0 club.
You hit the giant cockroach but do no damage.
The giant cockroach is severely wounded.
The giant cockroach bites you but does no damage.
The hobgoblin hits you with a +0 club. The giant cockroach bites you.
You are too injured to fight recklessly!
You are too injured to fight recklessly!
You hit the hobgoblin. Your bite misses the hobgoblin.
The hobgoblin is lightly wounded.
The hobgoblin hits you with a +0 club!
* * * LOW HITPOINT WARNING * * *
The giant cockroach closely misses you.
You hit the hobgoblin.
The hobgoblin is almost dead.
The giant cockroach completely misses you.
The hobgoblin hits you with a +0 club.
You die...

.. .. ..<. #.#
.....##.###
........^.
.....##..##
##......<.#
..........#
.#....[g..#
.'....s@..#
.#........#
#...../..#
#........#
#.........
#..........# #.
#..........#.#.
#..........#.#.#####
.....[... #


You could see a giant cockroach and a hobgoblin.

Vanquished Creatures
  A dart slug (D:2)
  4 goblins
  5 hobgoblins (D:1)
  3 bats (D:1)
  4 frilled lizards (D:1)
  A kobold (D:1)
  4 rats (D:1)
22 creatures vanquished.

Notes
Turn   | Place    | Note
-------+----------+-------------------------------------------
     0 | D:1      | Kairos the Vine Stalker Enchanter began the quest for the
                  | Orb.
     0 | D:1      | Reached XP level 1. HP: 9/9 MP: 4/4
   375 | D:1      | Reached skill level 1 in Short Blades
   382 | D:1      | Reached XP level 2. HP: 13/13 MP: 6/6
   895 | D:2      | Found a shimmering altar of Xom.
   961 | D:1      | Reached XP level 3. HP: 4/16 MP: 4/7
  1191 | D:1      | Reached skill level 4 in Stealth
  1230 | D:2      | Slain by a hobgoblin

Skill      XL: |  1  2  3 |
---------------+----------+-----
Short Blades   | 1 |  1.2
Stealth        | 4 |  4.0
Dodging        | |  1.7
Spellcasting   | |  2.4
Hexes          | |  3.3

Action                   || total
-------------------------++-------
Melee: Short sword       ||    67
       Bite              ||     8
 Cast: Corona            ||     1
 Stab: Sleeping          ||     4
Armor: Robe              ||    16
Dodge: Dodged            ||    47
